 Dungeon Crawl Stone Soup version 0.28-a0-695-gff097466f2 (webtiles) character file.

Game seed: 13767158166817093044

4876 EiAlmux the Thaumaturge (level 10, 0/60 HPs)
             Began as a Deep Elf Conjurer on Oct 22, 2021.
             Was a Priest of Sif Muna.
             Shot with a bolt by a tengu warrior (21 damage)
             ... led by a tengu warrior
             ... on level 10 of the Dungeon.
             The game lasted 00:24:41 (10793 turns).

EiAlmux the Thaumaturge (Deep Elf Conjurer)        Turns: 10793, Time: 00:24:41

Health: 0/60       AC:  7    Str:  4    XL:     10   Next: 26%
Magic:  29/34      EV: 16    Int: 27    God:    Sif Muna [***...]
Gold:   466        SH:  0    Dex: 13    Spells: 19/28 levels left

rFire   . . .      SeeInvis .   h - +1 dagger (venom)
rCold   . . .      Faith    .   (no shield)
rNeg    . . .      Spirit   .   K - +2 leather armour {Will+}
rPois   .          Reflect  .   l - +0 helmet
rElec   .          Harm     .   I - +0 cloak
rCorr   .          Rampage  .   (no gloves)
Will    ++...                   (no boots)
Stlth   +++.......              C - amulet of magic regeneration
HPRegen 0.20/turn               d - ring of magical power
MPRegen 0.49/turn               G - +4 ring of evasion

@: no status effects
A: no striking features
a: Renounce Religion, Channel Magic, Forget Spell


You were on level 10 of the Dungeon.
You worshipped Sif Muna.
Sif Muna was most pleased with you.
You visited 2 branches of the dungeon, and saw 11 of its levels.

You collected 466 gold pieces.

Inventory:

Hand Weapons
 h - a +1 dagger of venom (weapon)
Armour
 l - a +0 helmet (worn)
 I - a +0 cloak (worn)
 K - a +2 leather armour of willpower (worn)
Jewellery
 a - a +6 ring of strength
 d - a ring of magical power (left hand)
 e - an amulet of reflection
 m - an amulet of faith
 u - an amulet of the acrobat
 C - an amulet of magic regeneration (around neck)
 G - a +4 ring of evasion (right hand)
Wands
 w - a wand of polymorph (8)
 B - a wand of iceblast (12)
 J - a wand of flame (6)
 L - a wand of digging (3)
Scrolls
 f - a scroll of magic mapping {unknown}
 j - 3 scrolls of teleportation
 o - a scroll of vulnerability {unknown}
 p - 2 scrolls of fear
 q - a scroll of noise {unknown}
 v - a scroll of immolation {unknown}
 y - 2 scrolls of enchant weapon {unknown}
 D - 2 scrolls of blinking {unknown}
 E - a scroll of enchant armour {unknown}
Potions
 b - a potion of haste
 c - 2 potions of flight
 g - 4 potions of curing
 i - 2 potions of attraction
 n - 3 potions of magic
 r - 2 potions of mutation
 s - 2 potions of invisibility
 t - 2 potions of lignification
 x - a potion of might {unknown}
 z - 2 potions of degeneration {unknown}
 A - 2 potions of resistance {unknown}
 F - 2 potions of brilliance {unknown}
 M - a potion of heal wounds {unknown}


   Skills:
 + Level 5.9 Fighting
 + Level 5.4 Dodging
 + Level 6.4 Stealth
 + Level 9.8 Spellcasting
 + Level 8.9 Conjurations
 - Level 4.0 Translocations
 + Level 5.2 Invocations


You had 19 spell levels left.
You knew the following spells:

 Your Spells              Type           Power      Damage    Failure   Level
a - Magic Dart            Conj           100%       1d8       1%          1
b - Searing Ray           Conj           100%       2d8       1%          2
c - Iskenderun's Mystic   Conj/Tloc      48%        2d11      5%          4
d - Poisonous Vapours     Pois/Air       26%        N/A       12%         2

Your spell library contained the following spells:

 Spells                   Type           Power      Damage    Failure   Level
 Dazzling Flash           Conj/Hex       74%        N/A       3%          3
 Sting                    Tmut/Pois      52%        1d5       8%          1
 Sublimation of Blood     Necr           6%         N/A       12%         2
 Fulminant Prism          Conj/Hex       18%        3d11      12%         4
 Passage of Golubria      Tloc           34%        N/A       16%         4
 Tukima's Dance           Hex            13%        N/A       24%         3
 Irradiate                Conj/Tmut      18%        3d19      34%         5
 Olgreb's Toxic Radiance  Pois           13%        N/A       61%         4
 Petrify                  Tmut/Erth      13%        N/A       61%         4
 Yara's Violent Unravell  Hex/Tmut       6%         3d5       91%         5


Dungeon Overview and Level Annotations

Branches:
Dungeon (10/15)            Temple (1/1) D:4
   Lair: D:8-11         Orc: D:9-12

Altars:
Ashenzari
Cheibriados
Dithmenos
Fedhas
Gozag
Hepliaklqana
Kikubaaqudgha
Makhleb
Okawaru
Qazlal
Ru
Sif Muna
Trog
Vehumet
Wu Jian
Xom
Yredelemnul
Zin
The Shining One

Annotations:
D:10 2 transporters, exclusion: tengu warrior, atomjack's ghost, journeyman HuFi


Message History

There is a stone staircase leading up here.
There is a stone staircase leading down here.
You climb downwards.
There is a stone staircase leading up here.
There is a stone staircase leading down here.
You climb downwards.
There is a stone staircase leading up here.
There is a stone staircase leading down here.
You climb downwards.
There is a stone staircase leading up here.
There is a stone staircase leading down here.
You climb downwards.
Level annotation: 2 transporters, exclusion: tengu warrior, atomjack's ghost, journeyman HuFi The tengu warrior shouts! x2
Found a scale mail and a scroll labelled AHOETU PIPNEE.
There is a stone staircase leading up here.
There are monsters nearby!
Casting: Iskenderun's Mystic Blast (dangerous; 5% risk of failure)
Confirm with . or Enter, or press ? or * to list all spells.
You can't see any susceptible monsters within range! (Use Z to cast anyway.)
Casting: Iskenderun's Mystic Blast (dangerous; 5% risk of failure)
Confirm with . or Enter, or press ? or * to list all spells.
Aiming: Poisonous Vapours (safe; 12% risk of failure)
Press: ? - help, Dir - move target, f - tengu warrior
Aim: a tengu warrior, wielding a +1 vorpal long sword, wearing a +0 leather armour and quivering bolts Poisonous vapours surround the tengu warrior!
The tengu warrior is poisoned.
The tengu warrior unwields a +1 vorpal long sword.
The tengu warrior wields a +0 arbalest.
The tengu warrior shoots a bolt.
The bolt hits you!
Casting: Poisonous Vapours (safe; 12% risk of failure)
Confirm with . or Enter, or press ? or * to list all spells.
You erupt in a blast of force!
The mystic blast hits the tengu warrior!
The tengu warrior is moderately wounded.
The tengu warrior is knocked back by the mystic blast.
You hear a shout!
The tengu warrior shoots a bolt.
The bolt hits you!!
The tengu warrior shoots a bolt.
The bolt hits you!!
You die...

####### .... ###.......
... ######......... .=.
.....?......... ).
.[............. ).
#............. .#
#.....@.# .# #..Q....# )#
#...Q...# .# #.......+ .#
#.......# .# #.......# .#
#.......#
.##########.......########
.........................#
..


You could see 2 tengu warriors.

Vanquished Creatures
  Grinder (D:3)
  A shadow (D:10)
  5 yaks (D:8)
  A wyvern (D:10)
  Edmund (D:5)
  Duvessa (D:5)
  3 water moccasins
  An orc warrior (D:7)
  A sky beast (D:7)
  2 ice beasts (D:7)
  2 necrophages
  An ogre (D:3)
  A black bear (D:4)
  A wolf (D:9)
  3 centaurs
  A kobold brigand (D:9)
  2 bullfrogs
  A gnoll sergeant (D:10)
  4 scorpions
  2 water moccasin zombies
  Dowan (D:5)
  3 killer bees (D:8)
  A howler monkey (D:7)
  A bullfrog zombie (D:5)
  2 centaur zombies
  A gnoll shaman (D:6)
  4 orc priests
  A bullfrog skeleton (D:6)
  2 centaur skeletons (D:5)
  A jelly (D:6)
  10 hounds
  An iguana (D:7)
  7 orc wizards
  2 scorpion zombies (D:5)
  A killer bee zombie (D:5)
  2 hound zombies (D:5)
  Robin (D:2)
  2 howler monkey zombies (D:5)
  6 adders
  9 gnolls
  A howler monkey skeleton (D:6)
  A shadow imp (D:7)
  A white imp (D:5)
  2 ufetubi
  An adder skeleton (D:4)
  3 worms
  2 dart slugs (D:2)
  33 orcs
  10 ball pythons
  4 endoplasms
  4 giant cockroaches
  7 hobgoblins
  4 jackals (D:1)
  2 quokkas
  7 bats
  A frilled lizard (D:2)
  20 goblins
  9 kobolds
  4 rats
209 creatures vanquished.

Vanquished Creatures (others)
  5 withered plants (D:5)
5 creatures vanquished.

Grand Total: 214 creatures vanquished

Notes
Turn   | Place    | Note
-------+----------+-------------------------------------------
     0 | D:1      | EiAlmux the Deep Elf Conjurer began the quest for the Orb.
     0 | D:1      | Reached XP level 1. HP: 10/10 MP: 6/6
   198 | D:1      | Reached XP level 2. HP: 16/16 MP: 4/8
   496 | D:1      | Reached skill level 1 in Fighting
   499 | D:1      | Learned a level 2 spell: Searing Ray
  1102 | D:2      | Found an ancient bone altar of Kikubaaqudgha.
  1136 | D:2      | Reached XP level 3. HP: 20/20 MP: 9/9
  1452 | D:2      | Found a faded altar of an unknown god.
  1512 | D:2      | Noticed Robin
  1518 | D:2      | Killed Robin
  1521 | D:2      | Reached XP level 4. HP: 23/26 MP: 11/11
  1883 | D:3      | Noticed a water moccasin
  1890 | D:3      | Killed a water moccasin
  1891 | D:3      | Reached skill level 4 in Spellcasting
  1891 | D:3      | Reached skill level 5 in Conjurations
  1891 | D:3      | Reached XP level 5. HP: 11/30 MP: 13/14
  2258 | D:3      | Noticed Grinder
  2258 | D:3      | Paralysed by Grinder for 5 turns
  2309 | D:4      | Found a staircase to the Ecumenical Temple.
  2547 | Temple   | Entered the Ecumenical Temple
  2624 | Temple   | Became a worshipper of Sif Muna the Loreminder
  2718 | D:4      | Noticed a black bear
  2915 | D:4      | Found a basalt altar of Yredelemnul.
  3077 | D:4      | Reached skill level 5 in Spellcasting
  3077 | D:4      | Reached skill level 1 in Translocations
  3077 | D:4      | Reached XP level 6. HP: 35/35 MP: 15/15
  3578 | D:5      | Entered Level 5 of the Dungeon
  3578 | D:5      | Noticed Edmund
  3578 | D:5      | Noticed a water moccasin
  3887 | D:6      | Reached XP level 7. HP: 40/40 MP: 17/17
  3961 | D:6      | Reached * piety under Sif Muna
  3962 | D:6      | Reached skill level 5 in Stealth
  4248 | D:6      | Reached skill level 6 in Spellcasting
  4689 | D:7      | Reached skill level 1 in Invocations
  4778 | D:7      | Reached XP level 8. HP: 46/46 MP: 18/19
  5211 | D:7      | Learned a level 4 spell: Iskenderun's Mystic Blast
  5274 | D:7      | Reached skill level 7 in Spellcasting
  5687 | D:8      | Reached ** piety under Sif Muna
  6418 | D:8      | Reached XP level 9. HP: 52/52 MP: 22/22
  6423 | D:8      | Reached skill level 8 in Spellcasting
  6948 | D:8      | Reached skill level 5 in Fighting
  7601 | D:9      | Reached skill level 9 in Spellcasting
  7727 | D:9      | Noticed a troll
  7916 | D:10     | Entered Level 10 of the Dungeon
  8038 | D:10     | Found a transporter.
  8042 | D:10     | Found a transporter.
  8049 | D:10     | Noticed atomjack's ghost (journeyman HuFi)
  8118 | D:10     | Noticed a tengu warrior
  8781 | D:5      | Killed Edmund
  8782 | D:5      | Reached XP level 10. HP: 40/60 MP: 17/25
  8793 | D:5      | Reached skill level 5 in Dodging
  8926 | D:5      | Reached *** piety under Sif Muna
  9065 | D:5      | Learned a level 2 spell: Poisonous Vapours
  9319 | D:5      | Noticed Duvessa
  9319 | D:5      | Noticed Dowan
  9323 | D:5      | Killed Dowan
  9324 | D:5      | Reached skill level 5 in Invocations
  9331 | D:5      | Killed Duvessa
 10680 | D:3      | Killed Grinder
 10790 | D:10     | Noticed a tengu warrior
 10793 | D:10     | Shot with a bolt by a tengu warrior

Illustrated notes

Levels and vault maps discovered:
D:1:      dpeg_arrival_fog, layout_rooms, serial_park_tiny_2, minivault_23
D:2:      layout_loops_ring, shapermc_ecumenical_altar_starsandcircs,
          basic_altar, uniq_robin
D:3:      layout_loops_ring, minmay_ogre_servants, uniq_grinder
D:4:      layout_rooms, mainiacjoe_overflow_surrounded_room,
          minmay_temple_entry_slanted, chequers_serial_rivers_micro_a,
          hangedman_decor_slide_cut, eino_curves_02,
          chequers_serial_rivers_micro_c, eino_curves_01, glass_columns_a,
          st_stairs_5
D:5:      layout_basic, serial_undead, serial_undead_e, serial_undead_e,
          serial_undead_d, serial_undead_a, uniq_duvessa, uniq_edmund
D:6:      layout_cave_pools
D:7:      layout_rooms
D:8:      layout_rooms, fungi_pond_lemuel
D:9:      layout_roguey, erik_lair_island
D:10:     layout_irregular_city, gammafunk_ghost_stat_death, uniq_gastronok
Temple:   grunt_wide_crystal_templ

Skill      XL: |  1  2  3  4  5  6  7  8  9 10 |
---------------+-------------------------------+-----
Fighting       | 1 2 3 4 5 |  5.9
Stealth        | 3 4 5 6 |  6.4
Spellcasting   | 4 5 6 7 9 |  9.8
Conjurations   | 5 6 7 8 |  8.9
Translocations | 1 2 3 4 |  4.0
Dodging        | 3 4 5 |  5.4
Invocations    | 1 3 4 5 |  5.2

Action                   |  1- 3 |  4- 6 |  7- 9 | 10-12 || total
-------------------------+-------+-------+-------+-------++-------
Melee: Unarmed           |     3 |       |       |       ||     3
       Short sword       |       |       |     2 |       ||     2
 Cast: Magic Dart        |    60 |    86 |   157 |    74 ||   377
       Searing Ray       |     2 |    12 |    55 |     5 ||    74
       Iskenderun's Myst |       |       |    22 |    25 ||    47
       Poisonous Vapours |       |       |       |    12 ||    12
  Use: Potion            |       |     1 |     1 |       ||     2
       Scroll            |       |     3 |     6 |       ||     9
Armor: Robe              |     5 |       |       |       ||     5
       Leather armour    |       |     2 |     7 |       ||     9
Dodge: Dodged            |    14 |     7 |    58 |     9 ||    88
Block: Other             |     1 |     4 |     4 |       ||     9
       Reflection        |       |     1 |       |       ||     1

Table legend: (Time is in decaauts)
 A = Elapsed time spent in this place.
 B = Non-inter-level travel time spent in this place.
 C = Inter-level travel time spent in this place.
 D = Time resting spent in this place.
 E = Time spent auto-exploring this place.
 F = Levels seen in this place.
 G = Mean time per level.
                   A        B        C        D        E       F      G
               +--------+--------+--------+--------+--------+-----+--------+
         Total |  10769 |  10190 |    579 |   1290 |   7301 |  11 |  979.0 |
       Dungeon |  10682 |  10122 |    560 |   1290 |   7249 |  10 | 1068.2 |
        Temple |     86 |     67 |     19 |      0 |     52 |   1 |   86.0 |
               +--------+--------+--------+--------+--------+-----+--------+

Top non-repeatable levels by time:
     D:5: 1405 daAuts
     D:7: 1327 daAuts
     D:8: 1310 daAuts
     D:3: 1285 daAuts
     D:4: 1270 daAuts
     D:9: 1099 daAuts
     D:2: 1004 daAuts
     D:6: 879 daAuts
     D:1: 840 daAuts
    D:10: 258 daAuts
  Temple: 86 daAuts
